 Dungeon Crawl Stone Soup version 0.27-a0-1248-g57ac2eb73c (webtiles) character file.

Game seed: 6022003804344104959

203 HAL9000 the Chopper (level 5, -6/43 HPs)
             Began as a Palentonga Fighter on June 10, 2021.
             Killed by divine providence
             ... invoked by an orc priest
              (14 damage)
             ... on level 3 of the Dungeon.
             The game lasted 00:03:35 (2814 turns).

HAL9000 the Chopper (Palentonga Fighter)            Turns: 2814, Time: 00:03:35

Health: -6/43      AC:  9    Str: 20    XL:     5   Next: 51%
Magic:  5/5        EV:  5    Int:  8    God:
Gold:   113        SH:  8    Dex: 10    Spells: 4/4 levels left

rFire    . . .     SeeInvis +   a - +0 war axe
rCold    . . .     Faith    .   c - +0 kite shield
rNeg     . . .     Spirit   .   b - +0 scale mail
rPois    .         Reflect  .   d - +2 helmet
rElec    .         Harm     .   (no cloak)
rCorr    .         Rampage  .   (no gloves)
Will     .....                  (no barding)
Stlth    ..........             (no amulet)
HPRegen  0.14/turn              (no ring)
MPRegen  0.09/turn              (no ring)

@: no status effects
A: large, rugged brown scales 3, see invisible, deformed body, roll 1, armoured
tail
a: Rolling Charge


You were on level 3 of the Dungeon.
You visited 1 branch of the dungeon, and saw 3 of its levels.

You collected 113 gold pieces.

Inventory:

Hand Weapons
 a - a +0 war axe (weapon)
Armour
 b - a +0 scale mail (worn)
 c - a +0 kite shield (worn)
 d - a +2 helmet (worn)
Wands
 m - a wand of iceblast (6)
Scrolls
 f - a scroll of enchant weapon {unknown}
 h - a scroll of teleportation {unknown}
 i - a scroll of fear {unknown}
 j - a scroll of amnesia {unknown}
 l - a scroll of identify {unknown}
Potions
 g - a potion of mutation {unknown}
 k - a potion of haste {unknown}
 n - a potion of resistance {unknown}
 o - a potion of berserk rage {unknown}


   Skills:
 - Level 3.0 Fighting
 + Level 5.8 Axes
 - Level 2.4 Armour
 - Level 2.4 Shields


You had 4 spell levels left.
You didn't know any spells.
Your spell library was empty.

Dungeon Overview and Level Annotations

Branches:
Dungeon (3/15)

Altars:
Xom

Shops:
D:1 ?*


Innate Abilities, Weirdness & Mutations

You are completely covered in rugged brown scales. (AC +3, +7% HP)
You have supernaturally acute eyesight. (SInv)
Armour fits poorly on your strangely shaped body.
You can roll at nearby foes to attack.
You have a long armoured tail.


Message History

Okay, then.
Okay, then.
You are too injured to fight recklessly!
Unknown command.
Okay, then.
The giant cockroach bites you.
* * * LOW HITPOINT WARNING * * *
It was a potion of heal wounds.
You feel much better.
The giant cockroach bites you but does no damage.
You slash the giant cockroach!
You kill the giant cockroach!
You block the adder's attack.
You barely miss the adder.
The adder bites you but does no damage. x2
You closely miss the adder. The adder bites you but does no damage.
The orc priest miscasts a cantrip.
The adder barely misses you.
You closely miss the adder.
Your tail-slap misses the adder.
The adder barely misses you. You block the adder's attack.
You slash the adder!
You kill the adder!
You hit the orc priest.
The orc priest is moderately wounded.
The orc priest hits you with a +0 war axe.
The orc priest invokes the aid of Beogh against you.
You barely resist.
Your shield prevents you from hitting the orc priest.
The orc priest is moderately wounded.
The orc priest hits you with a +0 war axe!
* * * LOW HITPOINT WARNING * * *
You hit the orc priest.
The orc priest is moderately wounded.
The orc priest looks encouraged for a moment.
You hit the orc priest but do no damage.
The orc priest is moderately wounded.
You block the orc priest's attack. The orc priest closely misses you.
You completely miss the orc priest.
The orc priest is moderately wounded.
The orc priest invokes the aid of Beogh against you.
Beogh smites you!
You die...

####.....>...#
#....<.......#
#.........#########
##### #.....(..##
##...## ##...##
#........#
#.....#####.....#
#........#
#...............#
#........#
#.....#####.†...#
.<.....### ##.†.##
##...## ........
##@## ##.## #o# #.#
#n)...:.. #.+
#.#...... #.#
##.##.....##†##
##...##...##...##
#.....#####.....#
#...............#
#.....#####.....#


You could see a necrophage and an orc priest.

Vanquished Creatures
  An iguana (D:3)
  An orc wizard (D:3)
  Robin (D:2)
  6 adders
  3 worms (D:2)
  A dart slug (D:1)
  An orc (D:3)
  7 endoplasms
  2 giant cockroaches
  13 goblins
  8 hobgoblins
  4 jackals
  A quokka (D:2)
  7 ball pythons
  9 bats
  2 frilled lizards (D:1)
  2 kobolds
  5 rats
74 creatures vanquished.

Notes
Turn   | Place    | Note
-------+----------+-------------------------------------------
     0 | D:1      | HAL9000 the Palentonga Fighter began the quest for the Orb.
     0 | D:1      | Reached XP level 1. HP: 19/19 MP: 1/1
   140 | D:1      | Found Uhireuk's Magic Scroll Shoppe.
   192 | D:1      | Found Lakuc's Assorted Antiques.
   276 | D:1      | Reached XP level 2. HP: 19/25 MP: 2/2
   298 | D:1      | Reached skill level 3 in Axes
   734 | D:1      | Reached XP level 3. HP: 21/31 MP: 3/3
  1241 | D:2      | Reached skill level 4 in Axes
  1362 | D:2      | Found a shimmering altar of Xom.
  1596 | D:2      | Reached XP level 4. HP: 36/37 MP: 4/4
  1905 | D:2      | Noticed Robin
  1922 | D:2      | Killed Robin
  2391 | D:2      | Found a faded altar of an unknown god.
  2597 | D:3      | Reached skill level 5 in Axes
  2597 | D:3      | Reached XP level 5. HP: 29/43 MP: 5/5
  2797 | D:3      | Noticed a necrophage
  2814 | D:3      | Killed from afar by an orc priest

Illustrated notes

Levels and vault maps discovered:
D:1:      amcnicky_arrival_double_pillar, layout_loops_ring, serial_shops,
          nicolae_shop_statue_plus, nicolae_shop_temple_entry_statues_fountains
D:2:      layout_basic, basic_altar, hellmonk_ecumenical_altar_slurped_away,
          uniq_robin
D:3:      minmay_octagon_keep, layout_basic, nicolae_tso_swordbearing_angel,
          hangedman_decor_points

Skill      XL: |  1  2  3  4 |
---------------+-------------+-----
Axes           | 3 4 5 |  5.8
Fighting       | |  3.0
Armour         | |  2.4
Shields        | |  2.4

Action                   |  1- 3 |  4- 6 || total
-------------------------+-------+-------++-------
Melee: War axe           |    95 |    85 ||   180
       Tailslap          |     9 |     4 ||    13
  Use: Potion            |       |     2 ||     2
Armor: Scale mail        |    59 |    38 ||    97
Dodge: Dodged            |    27 |    20 ||    47
Block: Kite shield       |    49 |    38 ||    87

Table legend: (Time is in decaauts)
 A = Elapsed time spent in this place.
 B = Non-inter-level travel time spent in this place.
 C = Inter-level travel time spent in this place.
 D = Time resting spent in this place.
 E = Time spent auto-exploring this place.
 F = Levels seen in this place.
 G = Mean time per level.
                   A        B        C        D        E       F      G
               +--------+--------+--------+--------+--------+-----+--------+
         Total |   2906 |   2883 |     23 |    815 |   1617 |   3 |  968.7 |
       Dungeon |   2906 |   2883 |     23 |    815 |   1617 |   3 |  968.7 |
               +--------+--------+--------+--------+--------+-----+--------+

Top non-repeatable levels by time:
     D:2: 1657 daAuts
     D:1: 998 daAuts
     D:3: 250 daAuts
